Arrhythmia, chaotic female vampiric Convict ---- |..-- --- ------- ---- |...--- --.---..|.|.-- --..| ---------- ---- |.....---|...|........| |...| --------------- --..--....-- |..| |........|...........- ---..-- |.............| |..........| |..| --....................| |...-- |..----------.--- --.........-- --.---|...............- ...| |...| --...| |...| ----.---...| ---...--...............|--...| |..-- ---.--- ---.--- -----..-- |..._..................--....| |<.|---- -----|...| |...|---- --...-- --..-@%|.....................| |..|..%---...----.--- ---|--.--..|--..--- --.|.u%|--...................| |..|..........---...| |..|%|.....--....---------%--.o-- |...................-- |..|.-----.......--.--|...%..%.).)......%....%%(....[| ---....--............| |..|.| --.....--|...|--...........|.-----%.---.---%| ---..|---.........-- |..|.| |.....--|--.| |.......-.--|..-- |-..---.--.| ---- ---......-| |..|.| --.....--.|.| |.........| |...--|....|.....| ---.....-- --.|.| |........>.| ---....---- --...---.........---- ----...| |...| |..........| |....| --....|--..........| |..-- |...| --..--.|..-- --..-- |....| |....--....| |...| --.-- ---------- ---- ---.-- ---..|------ --.-- --- --- ---- --- Arrhythmia the Jail-bird Experience level: 7 Strength: 16 Dexterity: 16 Constitution: 16 Intelligence: 9 Wisdom: 8 Charisma: 9 Health: 0(45) Energy: 40(40) AC: 6 Gold: 36 Moves: 2367 Your Inventory: Coins $ - 36 gold pieces Amulets p - a [cursed] triangular amulet [of change] Armor b - a cursed +0 striped shirt (being worn) h - a [blessed] +0 hooded cloak [dwarvish] (being worn) i - an uncursed +0 pair of hard shoes [iron] (being worn) j - an uncursed +0 hard hat [dwarvish iron helm] (being worn) k - an uncursed +0 large round shield [dwarvish roundshield] Scrolls e - an uncursed scroll labeled ETAOIN SHRDLU [of magic mapping] Potions f - an uncursed squishy potion [of booze] Wands r - an [uncursed] wand of striking [0:4] Tools m - an uncursed skeleton key q - an [uncursed] brass lantern Iron balls c - an uncursed heavy iron ball (chained to you) (weapon in hand) Spells known in the end: Name Level Category Fail Memory Your skills at the end: Fighting Skills Weapon Skills sling [Basic / Skilled] Spellcasting Skills Final Attributes: You were piously aligned. Hunger level was 441. Your alignment was 21 / 21. Monster difficulty range was 0 - 6. Level difficulty was 5. You were immune to poison. You were immune to level-drain. You were immune to sickness. You were punished. You could fly. You could survive without air. You regenerated. You were lucky (1). You are dead. Vanquished creatures: a rock mole a violet fungus 2 gnome lords a gray ooze a giant ant 2 floating eyes 5 dwarves 10 hill orcs 2 iguanas a killer bee an acid blob 2 coyotes a gas spore a hobbit 3 giant rats a yellow mold a green mold 22 gnomes a gnome zombie a gecko 3 jackals 2 goblins 2 grid bugs a lichen 2 kobold zombies 3 newts 73 creatures vanquished. Voluntary challenges: You went without food. You were illiterate. You never hit with a wielded weapon. You put on armor 7 times. You never genocided any monsters. You never polymorphed an object. You never changed form. You used no wishes. You abstained from Elbereth's help. You never encountered a bones level. You never used any Sokoban shortcuts. Dungeon overview: The Dungeons of Doom: levels 1 to 3 Level 1 a fountain a long staircase Level 2 an altar, some fountains Level 3 an altar to Tymora, a fountain stairs to The Gnomish Mines The Gnomish Mines: levels 4 to 5 Level 4 stairs to The Dungeons of Doom Level 5 <- You were here History has recorded: On T:1 you entered the Dungeons of Doom to retrieve the Amulet of Yendor! On T:288 you reached level 2 of The Dungeons of Doom. On T:291 you advanced to experience level 2. On T:718 you advanced to experience level 3. On T:927 you reached level 3 of The Dungeons of Doom. On T:939 you advanced to experience level 4. On T:1124 you advanced to experience level 5. On T:1284 you reached level 1 of The Gnomish Mines. On T:1346 you advanced to experience level 6. On T:1980 you reached level 2 of The Gnomish Mines. On T:2172 you advanced to experience level 7. Latest messages: You kill the violet fungus! You see here a violet fungus corpse. The hill orc throws a dagger! You are almost hit by a dagger. The white unicorn butts! The white unicorn kicks! [HP-6=39] You see here a dagger. The white unicorn butts! The white unicorn kicks! The hill orc throws a dagger! The dagger hits the white unicorn. The white unicorn butts! The white unicorn kicks! [HP-23=16] You miss the white unicorn. (2x) The white unicorn butts! The white unicorn misses. The hill orc throws a dagger! The dagger hits the white unicorn. The white unicorn butts! The white unicorn kicks! You die... Final status: Goodbye Arrhythmia the Convict... You died in The Gnomish Mines on dungeon level 5 with 2077 points, and 36 pieces of gold, after 2367 moves. You were level 7 with a maximum of 45 hit points when you died.